 Dungeon Crawl Stone Soup version 0.29-a0-210-g9445043ebc (webtiles) character file.

Game seed: 1136481326955905216

5283 HotDog the Basher (level 10, -1/63 HPs)
             Began as a Gargoyle Fighter on Feb 23, 2022.
             Was a Follower of the Shining One.
             Slain by an orc warrior
             ... wielding a +0 halberd
              (17 damage)
             ... in a bailey on Feb 24, 2022.
             The game lasted 00:16:16 (11065 turns).

HotDog the Basher (Gargoyle Fighter)               Turns: 11065, Time: 00:16:16

Health: -1/63      AC: 27    Str: 24    XL:     10   Next: 63%
Magic:  10/10      EV:  8    Int:  9    God:    the Shining One [*.....]
Gold:   371        SH: 11    Dex:  9    Spells: 9/9 levels left

rFire   + . .      SeeInvis .   m - +1 flail (protect)
rCold   + . .      Faith    .   c - +0 buckler
rNeg    + . .      Spirit   .   e - +1 chain mail
rPois   ∞          Reflect  .   l - +0 hat
rElec   +          Harm     .   v - scarf {rC+ rF+}
rCorr   .          Rampage  .   (no gloves)
Will    .....                   i - +0 pair of boots
Stlth   ..........              (no amulet)
HPRegen 0.20/turn               (no ring)
MPRegen 0.12/turn               (no ring)

@: divinely shielded, about to teleport, under a protective aura, glowing
A: sickness immunity, AC +7, negative energy resistance 1, electricity
resistance, torment resistance 1, petrification resistance
a: Renounce Religion, Divine Shield


You were in a bailey.
You worshipped the Shining One.
The Shining One was aware of your devotion.
You visited 2 branches of the dungeon, and saw 9 of its levels.
You also visited: Sewer and Bailey.

You collected 371 gold pieces.

Inventory:

Hand Weapons
 m - a +1 flail of protection (weapon)
Armour
 c - a +0 buckler (worn)
 e - a +1 chain mail (worn)
 i - a +0 pair of boots (worn)
 l - a +0 hat (worn)
 v - a scarf of resistance (worn)
Wands
 n - a wand of acid (8)
 y - a wand of paralysis (10)
Scrolls
 a - a scroll of enchant armour
 d - 2 scrolls of fog
 j - a scroll of amnesia
 o - a scroll of silence
 p - a scroll of identify
 r - a scroll of teleportation
 t - a scroll of vulnerability
Potions
 f - a potion of cancellation
 h - 4 potions of curing
 k - 2 potions of invisibility
 q - a potion of brilliance
 s - 4 potions of lignification {unknown}
 u - 2 potions of haste
 x - a potion of mutation {unknown}


   Skills:
 + Level 7.4 Fighting
 + Level 10.7 Maces & Flails
 + Level 8.2 Armour
 + Level 2.9 Dodging
 + Level 1.7 Stealth
 + Level 6.6 Shields
 + Level 0.5 Invocations


You had 9 spell levels left.
You didn't know any spells.
Your spell library contained the following spells:

 Spells                   Type           Power      Damage    Failure   Level
 Magic Dart               Conj           0%         1d3       96%         1
 Slow                     Hex            0%         N/A       96%         1
 Sting                    Tmut/Pois      0%         1d3       96%         1
 Poisonous Vapours        Pois/Air       0%         N/A       99%         2
 Searing Ray              Conj           0%         2d4       99%         2
 Confusing Touch          Hex            0%         N/A       100%        3
 Conjure Flame            Conj/Fire      0%         6-21      100%        3
 Gell's Gravitas          Tloc           0%         N/A       100%        3
 Ignite Poison            Fire/Tmut/Pois 0%         N/A       100%        3
 Lesser Beckoning         Tloc           0%         N/A       100%        3
 Teleport Other           Tloc           0%         N/A       100%        3
 Vampiric Draining        Necr           0%         2d6       100%        3
 Animate Armour           Summ/Erth      0%         N/A       100%        4
 Fulminant Prism          Conj/Hex       0%         3d6       100%        4
 Leda's Liquefaction      Hex/Erth       0%         N/A       100%        4
 Olgreb's Toxic Radiance  Pois           0%         N/A       100%        4
 Sticky Flame             Conj/Fire      0%         2d3       100%        4
 Blade Hands              Tmut           0%         N/A       100%        5
 Lee's Rapid Deconstruct  Erth           0%         3d5*      100%        5
 Iron Shot                Conj/Erth      0%         9d1       100%        6
 Statue Form              Tmut/Erth      Unusable   N/A       N/A         6

Dungeon Overview and Level Annotations

Branches:
Dungeon (8/15)             Temple (1/1) D:6           Sewer (visited)
 Bailey (1/1)
   Lair: D:8-11

Altars:
Ashenzari
Cheibriados
Dithmenos
Fedhas
Gozag
Kikubaaqudgha
Nemelex Xobeh
Qazlal
Uskayaw
Vehumet
Wu Jian
Xom
Yredelemnul
Zin
The Shining One

Shops:
D:4 *   D:5 *

Annotations:
D:7 3 runed translucent doors, Gargoyl's ghost, novice GnAK
D:8 3 runed translucent doors, anet's ghost, novice TrBe


Innate Abilities, Weirdness & Mutations

You are immune to sickness and miasma.
Your stone body is resilient. (AC +7)
You are immune to poison.
You resist negative energy. (rN+)
You are resistant to electric shocks. (rElec)
You are resistant to unholy torment.
You are immune to petrification.


Message History

You block the orc's attack. The orc warrior barely misses you.
The orc hits you but does no damage. You block the orc's attack.
An orc warrior comes into view. It is wielding a +0 halberd.
The orc warrior hits you from afar with a +0 halberd.
* * * LOW HITPOINT WARNING * * *
You block the orc knight's attack.
The orc hits you from afar with a +0 spear.
* * * LOW HITPOINT WARNING * * *
The orc warrior shouts!
You hit the orc knight but do no damage.
Your weapon exudes an aura of protection.
The orc knight is heavily wounded.
You block the orc warrior's attack. You block the orc's attack. x2
The orc closely misses you. The orc warrior closely misses you.
The orc knight hits you but does no damage.
You sock the orc knight!
The orc knight is severely wounded.
The orc hits you but does no damage. The orc barely misses you.
You block the orc's attack. The orc warrior barely misses you.
The orc hits you but does no damage.
The orc warrior hits you from afar with a +0 halberd.
* * * LOW HITPOINT WARNING * * *
You block the orc knight's attack.
Welcome back, HotDog the Gargoyle Fighter.
The Shining One says: Lead the forces of light to victory!
Press ? for a list of commands and other information.
There are monsters nearby!
As you read the scroll of teleportation, it crumbles to dust.
You feel strangely unstable. You block the orc's attack. x2
The orc completely misses you. The orc hits you with a +0 halberd.
* * * LOW HITPOINT WARNING * * *
The orc warrior barely misses you. You block the orc warrior's attack.
The orc knight hits you with a +0 trident.
* * * LOW HITPOINT WARNING * * *
You feel better.
The orc no longer looks unusually strong. x2
The orc closely misses you. You block the orc's attack. x2
The orc warrior closely misses you.
The orc warrior hits you from afar with a +0 halberd!
You die...

≈≈≈ #....#≈≈≈≈≈≈≈#
≈≈≈ #....#≈≈≈≈≈≈≈#
≈≈≈≈#....#≈≈≈≈≈♣
≈...#....#...♣♣♣♣
...........♣....♣#
.................#
###........####..#
$.####oo####.$#.##
......ooo@o[..###
#...8..o.8o..##
#..########o.# #.
..# # ..# ..# o.#
.o# ..#


You could see an orc knight, 3 orc warriors and 5 orcs.

Vanquished Creatures
  A two-headed ogre (D:6)
  4 gargoyles (D:7)
  Sigmund (D:2)
  A wyvern (D:8)
  4 vampire mosquitoes (D:8)
  Menkaure (D:7)
  A water moccasin (Sewer)
  2 orc warriors
  3 ice beasts
  2 sky beasts
  2 phantoms
  2 ogres
  A centaur (D:6)
  3 scorpions (D:6)
  A bullfrog (D:8)
  A gnoll sergeant (D:5)
  A wyvern zombie (D:6)
  A water moccasin zombie (D:5)
  A water moccasin skeleton (D:5)
  A howler monkey (D:5)
  2 bullfrog zombies (D:6)
  2 centaur skeletons
  2 orc priests
  Crazy Yiuf (D:5)
  7 hounds
  2 bullfrog skeletons
  Jessica (D:2)
  4 orc wizards
  3 iguanas
  4 killer bee zombies
  2 hound zombies (D:5)
  2 howler monkey skeletons
  3 gnolls (D:5)
  3 adders
  2 shadow imps
  An ufetubus (D:6)
  An adder skeleton (D:4)
  A worm (D:2)
  2 dart slugs
  21 orcs
  4 ball pythons
  11 endoplasms
  3 giant cockroaches
  3 goblins
  2 hobgoblins
  8 jackals
  5 kobolds
  6 quokkas
  6 bats (D:1)
  3 frilled lizards
  A quokka skeleton (D:3)
  5 rats
157 creatures vanquished.

Vanquished Creatures (others)
  A water moccasin (D:7)
  A howler monkey skeleton (D:7)
  A hobgoblin (D:8)
  26 plants (D:8)
29 creatures vanquished.

Grand Total: 186 creatures vanquished

Notes
Turn   | Place    | Note
-------+----------+-------------------------------------------
     0 | D:1      | HotDog the Gargoyle Fighter began the quest for the Orb.
     0 | D:1      | Reached XP level 1. HP: 14/14 MP: 1/1
   205 | D:1      | Reached XP level 2. HP: 19/19 MP: 2/2
   481 | D:1      | Found a faded altar of an unknown god.
  1048 | D:2      | Reached XP level 3. HP: 23/23 MP: 3/3
  1206 | D:2      | Noticed Jessica
  1215 | D:2      | Killed Jessica
  1292 | D:2      | Noticed Sigmund
  1306 | D:2      | Killed Sigmund
  1307 | D:2      | Reached skill level 3 in Maces & Flails
  1307 | D:2      | Reached XP level 4. HP: 22/29 MP: 4/4
  1307 | D:2      | Reached XP level 5. HP: 25/33 MP: 5/5
  2237 | D:3      | Reached XP level 6. HP: 38/38 MP: 6/6
  2258 | D:3      | Reached skill level 4 in Maces & Flails
  2258 | D:3      | Reached skill level 1 in Dodging
  3361 | D:4      | Found Ojickiwu's Assorted Antiques.
  4022 | D:4      | Reached XP level 7. HP: 44/44 MP: 7/7
  4057 | D:4      | Reached skill level 5 in Armour
  4109 | D:4      | Reached skill level 5 in Maces & Flails
  4950 | D:5      | Entered Level 5 of the Dungeon
  5011 | D:5      | Reached XP level 8. HP: 33/48 MP: 8/8
  5114 | D:5      | Reached skill level 6 in Maces & Flails
  5240 | D:5      | Reached skill level 5 in Shields
  5535 | D:5      | Found a glowing drain.
  5557 | Sewer    | Entered a sewer
  5631 | Sewer    | Reached skill level 5 in Fighting
  6502 | D:5      | Found Cepynn's General Store.
  6625 | D:5      | Reached skill level 7 in Maces & Flails
  6867 | D:5      | Found a runed translucent door.
  6868 | D:5      | Noticed Crazy Yiuf
  7154 | D:5      | Killed Crazy Yiuf
  7158 | D:5      | Identified the +9 mace of Dawn {drain, rElec rC+ Str-4
                  | Dex+3}
  7396 | D:6      | Found a staircase to the Ecumenical Temple.
  7407 | Temple   | Entered the Ecumenical Temple
  7513 | Temple   | Became a worshipper of the Shining One
  7601 | D:6      | Reached skill level 1 in Stealth
  7601 | D:6      | Reached XP level 9. HP: 21/54 MP: 9/9
  8222 | D:6      | Noticed a two-headed ogre
  8247 | D:6      | Reached skill level 8 in Maces & Flails
  8253 | D:6      | Killed a two-headed ogre
  9098 | D:6      | Reached skill level 9 in Maces & Flails
  9561 | D:7      | Noticed Gargoyl's ghost (novice GnAK)
  9561 | D:7      | Reached * piety under the Shining One
  9562 | D:7      | Found a runed translucent gate.
  9563 | D:7      | Found a runed translucent gate.
  9563 | D:7      | Noticed an efreet
  9576 | D:7      | Noticed Menkaure
  9582 | D:7      | Killed Menkaure
  9614 | D:7      | Found a runed translucent gate.
  9940 | D:7      | Noticed a gargoyle
  9946 | D:7      | Killed a gargoyle
  9947 | D:7      | Reached XP level 10. HP: 58/61 MP: 6/10
  9984 | D:7      | Noticed a gargoyle
 10000 | D:7      | Killed a gargoyle
 10001 | D:7      | Reached skill level 10 in Maces & Flails
 10128 | D:7      | Noticed a gargoyle
 10139 | D:7      | Killed a gargoyle
 10159 | D:7      | Noticed a gargoyle
 10167 | D:7      | Killed a gargoyle
 10355 | D:8      | Found a flagged portal.
 10358 | D:8      | Found a runed translucent gate.
 10516 | D:8      | Noticed anet's ghost (novice TrBe)
 10516 | D:8      | Noticed a centaur warrior
 10536 | D:8      | Found a runed translucent gate.
 10537 | D:8      | Found a runed translucent gate.
 10629 | D:8      | Reached ** piety under the Shining One
 10654 | Bailey   | Entered a bailey
 11035 | Bailey   | Noticed an orc knight
 11064 | Bailey   | Upgraded the game from 0.29-a0-200-gc7997b95f3 to
                  | 0.29-a0-210-g9445043ebc
 11065 | Bailey   | Slain by an orc warrior

Illustrated notes

Levels and vault maps discovered:
D:1:      lightli_arrival_statue_moat, layout_basic,
          hellmonk_ecumenical_altar_leap_of_faith
D:2:      layout_basic, uniq_sigmund, uniq_jessica
D:3:      layout_basic
D:4:      layout_cave_pods, serial_shops, nicolae_square_shop
D:5:      layout_basic, serial_shops, nicolae_stop_n_shop_1,
          portal_sewer_entry_a, uniq_crazy_yiuf_cottage
D:6:      minmay_chambers_of_fours, layout_basic,
          minmay_temple_entry_junction_2, serial_co_window_serial,
          co_window_paths_a, co_window_of_opportunity_a, co_window_corner_a,
          co_window_paths_a, co_window_paths_b, co_window_of_opportunity_c,
          co_window_broadway_c, co_window_corner_b, co_window_4corner_a,
          co_window_4corner_b, glass_columns_a, glass_columns_b,
          glass_columns_b, glass_columns_a
D:7:      cheibrodos_statue_roulette, layout_rooms, gammafunk_ghost_split,
          uniq_menkaure
D:8:      layout_rooms, serial_bayou, serial_bayou_lake_a,
          serial_bayou_lagoon_a, serial_bayou_pond_c, serial_bayou_shore_b,
          enter_bailey_4, gammafunk_ghost_split, disabler_island
Temple:   mainiacjoe_temple_hex_bubbles
Bailey:   bailey_polearm_elven_captive_hellmonk, bailey

Skill      XL: |  1  2  3  4  5  6  7  8  9 10 |
---------------+-------------------------------+-----
Fighting       | 4 5 6 7 |  7.4
Maces & Flails | 3 4 5 7 9 10 | 10.7
Armour         | 4 5 6 7 8 |  8.2
Shields        | 4 5 6 |  6.6
Dodging        | 1 2 |  2.9
Stealth        | 1 |  1.7
Invocations    | |  0.5

Action                   |  1- 3 |  4- 6 |  7- 9 | 10-12 || total
-------------------------+-------+-------+-------+-------++-------
Melee: Flail             |   104 |   134 |   358 |   110 ||   706
Invok: Divine Shield     |       |       |     1 |     2 ||     3
  Use: Scroll            |     3 |       |     7 |     3 ||    13
       Potion            |     1 |       |     5 |     7 ||    13
Armor: Chain mail        |    97 |   131 |   264 |   150 ||   642
Dodge: Dodged            |    59 |    71 |   152 |    94 ||   376
Block: Buckler           |    22 |    39 |    82 |    93 ||   236

Table legend: (Time is in decaauts)
 A = Elapsed time spent in this place.
 B = Non-inter-level travel time spent in this place.
 C = Inter-level travel time spent in this place.
 D = Time resting spent in this place.
 E = Time spent auto-exploring this place.
 F = Levels seen in this place.
 G = Mean time per level.
                   A        B        C        D        E       F      G
               +--------+--------+--------+--------+--------+-----+--------+
         Total |  11151 |  10509 |    642 |   2023 |   6630 |  11 | 1013.7 |
       Dungeon |  10448 |   9806 |    642 |   1682 |   6436 |   8 | 1306.0 |
        Temple |    156 |    156 |      0 |      0 |    100 |   1 |  156.0 |
         Sewer |    137 |    137 |      0 |      0 |     76 |   1 |  137.0 |
        Bailey |    409 |    409 |      0 |    341 |     18 |   1 |  409.0 |
               +--------+--------+--------+--------+--------+-----+--------+

Top non-repeatable levels by time:
     D:6: 2006 daAuts
     D:5: 1898 daAuts
     D:4: 1674 daAuts
     D:3: 1515 daAuts
     D:2: 1296 daAuts
     D:7: 963 daAuts
     D:1: 893 daAuts
  Bailey: 409 daAuts
     D:8: 198 daAuts
  Temple: 156 daAuts
   Sewer: 137 daAuts
